 Dungeon Crawl Stone Soup version 0.29-a0-994-gc5c9f59d18 (webtiles) character file.

Game seed: 5255764091824773869

3767 ytrimaz the Cleaver (level 10, -4/77 HPs)
             Began as a Formicid Fighter on Aug 3, 2022.
             Was a Believer of Okawaru.
             Slain by a two-headed ogre
             ... wielding a +0 giant club
              (5 damage)
             ... on level 8 of the Dungeon.
             The game lasted 00:11:17 (10660 turns).

ytrimaz the Cleaver (Formicid Fighter)             Turns: 10660, Time: 00:11:18

Health: -4/77      AC: 13    Str: 26    XL:     10   Next: 38%
Magic:  10/10      EV: 10    Int:  7    God:    Okawaru [**....]
Gold:   185        SH:  5    Dex: 13    Spells: 9/9 levels left

rFire   . . .      SeeInvis +   D - +3 executioner's axe (vorpal)
rCold   + . .      Faith    .   c - +0 buckler
rNeg    . . .      Spirit   .   B - +0 plate armour
rPois   .          Reflect  .   (helmet unavailable)
rElec   .          Harm     .   (no cloak)
rCorr   .          Rampage  .   (no gloves)
Will    +....                   g - +1 pair of boots
Stlth   ..........              z - amulet of the acrobat
HPRegen 0.22/turn               d - ring of protection from cold
MPRegen 0.12/turn               E - +4 ring of evasion

@: no status effects
A: permanent stasis, dig shafts and tunnels, antennae 3, four strong arms
a: Dig, Shaft Self, Renounce Religion, Heroism


You were on level 8 of the Dungeon.
You worshipped Okawaru.
Okawaru was pleased with you.
You visited 2 branches of the dungeon, and saw 9 of its levels.

You collected 406 gold pieces.
You spent 221 gold pieces at shops.

Inventory:

Hand Weapons
 a - a +1 war axe
 b - a +0 battleaxe
 i - a +2 vorpal hand axe
 D - a +3 vorpal executioner's axe (weapon)
 F - a +5 war axe
Missiles
 e - 2 throwing nets
 f - 6 boomerangs
 q - 5 silver boomerangs
Armour
 c - a +0 buckler (worn)
 g - a +1 pair of boots (worn)
 r - a scarf of invisibility
 B - a +0 plate armour (worn)
Jewellery
 d - a ring of protection from cold (left hand)
 k - a ring of ice
 z - an amulet of the acrobat (around neck)
 E - a +4 ring of evasion (right hand)
Wands
 t - a wand of paralysis (9)
 v - a wand of iceblast (17)
 y - a wand of flame (68)
Scrolls
 l - a scroll of enchant armour
 n - 6 scrolls of vulnerability
 A - a scroll of fear
Potions
 h - 2 potions of ambrosia
 j - a potion of attraction {unknown}
 m - 2 potions of brilliance
 o - 3 potions of magic
 p - a potion of heal wounds {unknown}
 s - 3 potions of curing
 u - a potion of lignification {unknown}
 w - a potion of mutation {unknown}
 x - 2 potions of degeneration {unknown}
 C - 3 potions of berserk rage {unknown}


   Skills:
 + Level 6.9 Fighting
 * Level 13.1 Axes
 - Level 3.5 Armour
 - Level 4.2 Shields


You had 9 spell levels left.
You didn't know any spells.
Your spell library contained the following spells:

 Spells                   Type           Power      Damage    Failure   Level
 Passage of Golubria      Tloc           0%         N/A       100%        4
 Fireball                 Conj/Fire      0%         3d3       100%        5
 Yara's Violent Unravell  Hex/Tmut       0%         3d3       100%        5
 Starburst                Conj/Fire      0%         6d3       100%        6
 Ignition                 Fire           0%         3d3       100%        8
 Summon Small Mammal      Summ           Unusable   N/A       N/A         1
 Call Canine Familiar     Summ           Unusable   N/A       N/A         3
 Summon Guardian Golem    Hex/Summ       Unusable   N/A       N/A         3
 Tukima's Dance           Hex            Unusable   N/A       N/A         3

Dungeon Overview and Level Annotations

Branches:
Dungeon (8/15)             Temple (1/1) D:5
   Lair: D:8-11

Altars:
Cheibriados
Dithmenos
Elyvilon
Fedhas
Gozag
Hepliaklqana
Kikubaaqudgha
Makhleb
Nemelex Xobeh
Okawaru
Qazlal
Ru
Sif Muna
Trog
Uskayaw
Vehumet
Wu Jian
Xom
Yredelemnul
Zin
The Shining One

Shops:
D:1 (   D:7 [

Annotations:
D:5 3 runed translucent doors, Yogidamonk's ghost, novice MiHu
D:7 1 runed translucent door


Innate Abilities, Weirdness & Mutations

You cannot be hasted, slowed, berserked, paralysed or teleported.
You can dig through walls and to a lower floor.
You have a pair of large antennae on your head. (SInv)
Your four strong arms can wield two-handed weapons with a shield.


Message History

Things that are here:
a +3 morningstar; a +0 robe Key pressed, stopping explore.
Things that are here:
a +0 hand axe; a +0 robe; a +0 robe You now have 185 gold pieces (gained 14).
Things that are here:
a +0 spear; a gnoll skeleton
Things that are here:
a +0 hand axe; a +0 robe; a +0 robe You open the door.
A two-headed ogre comes into view. It is wielding two +0 giant clubs.
The two-headed ogre shouts in stereo!
There is an open door here.
A two-headed ogre is nearby!
A two-headed ogre is nearby!
The two-headed ogre closely misses you.
The two-headed ogre hits you with a +0 giant club!
You completely miss the two-headed ogre.
You hit the two-headed ogre.
The two-headed ogre is lightly wounded.
The two-headed ogre hits you with a +0 giant club!!
The two-headed ogre barely misses you.
You slash the two-headed ogre!
The two-headed ogre is moderately wounded.
You block the two-headed ogre's attack.
The two-headed ogre hits you with a +0 giant club!!
* * * LOW HITPOINT WARNING * * *
You barely miss the two-headed ogre.
The two-headed ogre is moderately wounded.
The two-headed ogre barely misses you.
The two-headed ogre hits you with a +0 giant club!
* * * LOW HITPOINT WARNING * * *
Unknown command.
You slice the two-headed ogre!!
The two-headed ogre is severely wounded.
The two-headed ogre hits you with a +0 giant club!
* * * LOW HITPOINT WARNING * * *
The two-headed ogre hits you with a +0 giant club.
You die...

#.###.#.)....)....#
#.........####...##
####...#### ##.##
#))#.# #.# #))).# #.#
#.#### ##'## #.#
##...## #.# #
##.....## ##.#.##
#...@...#
###....)####....O....#
...........+.........+
###.#...####.........#
#.##.## ##.......##
#.# ## ##.....## #.#
##...## #.# ##+## #.#


You could see a two-headed ogre.

Vanquished Creatures
  A wyvern (D:8)
  A steam dragon (D:6)
  An acid dragon (D:8)
  3 water moccasins
  An ice beast (D:5)
  2 orc warriors (D:8)
  A black bear (D:4)
  4 centaurs
  3 kobold brigands
  2 gnoll sergeants
  A bullfrog (D:7)
  A scorpion (D:5)
  A necrophage (D:7)
  11 wights (D:8)
  7 killer bees
  2 hounds (D:6)
  3 jellies
  A gnoll bouda (D:8)
  4 orc priests
  6 iguanas
  Ijyb (D:3)
  7 orc wizards
  13 gnolls
  4 adders
  5 white imps
  3 ufetubi
  A worm (D:2)
  4 dart slugs
  20 orcs
  4 ball pythons
  6 bats
  4 endoplasms
  2 giant cockroaches
  6 goblins
  6 hobgoblins
  4 jackals (D:4)
  A quokka (D:4)
  4 frilled lizards
  21 kobolds
  4 rats
176 creatures vanquished.

Vanquished Creatures (others)
  A centaur (D:8)
  An orc wizard (D:4)
  3 fungi (D:5)
5 creatures vanquished.

Grand Total: 181 creatures vanquished

Notes
Turn   | Place    | Note
-------+----------+-------------------------------------------
     0 | D:1      | ytrimaz the Formicid Fighter began the quest for the Orb.
     0 | D:1      | Reached XP level 1. HP: 18/18 MP: 1/1
   197 | D:1      | Reached XP level 2. HP: 19/24 MP: 2/2
   359 | D:1      | Found Moumn's Antique Weapon Shoppe.
   921 | D:1      | Found a faded altar of an unknown god.
  1196 | D:2      | Reached XP level 3. HP: 26/29 MP: 3/3
  1203 | D:2      | Reached skill level 3 in Axes
  1334 | D:2      | Reached XP level 4. HP: 37/37 MP: 4/4
  2177 | D:3      | Identified the +2 robe of Gaef {Str+6}
  2216 | D:3      | Noticed Ijyb
  2228 | D:3      | Killed Ijyb
  2274 | D:3      | Found a shadowy altar of Dithmenos.
  2357 | D:4      | Reached skill level 4 in Axes
  2357 | D:4      | Reached XP level 5. HP: 17/42 MP: 5/5
  2717 | D:4      | Reached skill level 5 in Axes
  2717 | D:4      | Reached XP level 6. HP: 33/48 MP: 6/6
  2893 | D:4      | Noticed a black bear
  2908 | D:4      | Killed a black bear
  2914 | D:4      | Reached skill level 6 in Axes
  3494 | D:4      | Reached XP level 7. HP: 49/54 MP: 7/7
  4089 | D:4      | Found a sacrificial altar of Ru.
  4135 | D:5      | Entered Level 5 of the Dungeon
  4173 | D:5      | Reached skill level 7 in Axes
  4393 | D:5      | Found a blossoming altar of Fedhas.
  4559 | D:5      | Reached XP level 8. HP: 53/61 MP: 8/8
  4662 | D:5      | Found a staircase to the Ecumenical Temple.
  4668 | Temple   | Entered the Ecumenical Temple
  5080 | Temple   | Became a worshipper of Warmaster Okawaru
  5248 | D:5      | Reached skill level 8 in Axes
  5259 | D:5      | Found a runed translucent gate.
  5259 | D:5      | Found a runed translucent gate.
  5259 | D:5      | Found a runed translucent gate.
  5276 | D:5      | Noticed Yogidamonk's ghost (novice MiHu)
  5358 | D:5      | Found a snail-covered altar of Cheibriados.
  5615 | D:6      | Reached skill level 5 in Fighting
  5640 | D:6      | You fall into a shaft and drop 2 floors!
  6023 | D:8      | Reached skill level 9 in Axes
  6335 | D:7      | Found an ancient bone altar of Kikubaaqudgha.
  6336 | D:7      | Found a white marble altar of Elyvilon.
  6399 | D:7      | Found a runed translucent door.
  6502 | D:7      | Reached * piety under Okawaru
  6634 | D:6      | Found a radiant altar of Vehumet.
  6823 | D:6      | Reached XP level 9. HP: 40/68 MP: 9/9
  6842 | D:6      | Reached skill level 10 in Axes
  7510 | D:6      | Found a burning altar of Makhleb.
  7829 | D:6      | Found a glowing silver altar of Zin.
  7829 | D:6      | Noticed an angel
  7830 | D:6      | Noticed a blizzard demon
  8613 | D:7      | Reached skill level 11 in Axes
  8788 | D:7      | Found Qoefaxab's Armour Boutique.
  8976 | D:1      | Bought a glowing executioner's axe for 221 gold pieces
  9442 | D:8      | Reached ** piety under Okawaru
  9449 | D:8      | Reached skill level 12 in Axes
  9449 | D:8      | Reached XP level 10. HP: 40/77 MP: 10/10
  9636 | D:8      | Found a shimmering altar of Xom.
  9870 | D:8      | Identified the +6 mace of the Sage {drain, Dex+4}
 10399 | D:8      | Reached skill level 13 in Axes
 10652 | D:8      | Noticed a two-headed ogre
 10660 | D:8      | HP: 1/77 [two-headed ogre/+0 giant club (8)]
 10660 | D:8      | Slain by a two-headed ogre

Illustrated notes

Levels and vault maps discovered:
D:1:      dpeg_arrival_renting, layout_basic,
          hellmonk_ecumenical_altar_crossroads, serial_shops, shop, minivault_23
D:2:      layout_rooms, kennysheep_generic_room_12
D:3:      minmay_wonky_spiral, layout_rooms,
          nicolae_dithmenos_through_a_glass_darkly, chequers_mini_garden,
          interstate_on_off, uniq_ijyb
D:4:      cheibrodos_thug_alley, layout_loops_ring,
          lemuel_coloured_pillars_altar
D:5:      layout_basic, fedhas_altar_2, kennysheep_mini_moat,
          minmay_temple_entry_hall, gammafunk_ghost_nasty_kobolds
D:6:      layout_cave_pods, grunt_temple_overflow_order_and_chaos_2,
          nicolae_vehumet_radiance, st_stairs_2
D:7:      layout_cave_pods, nicolae_overflow_squiral, serial_shops,
          kennysheep_mini, ebering_ghost_reflecting_pool,
          kennysheep_pointless_box
D:8:      layout_loops_corners, xom_confusion_cloud
Temple:   bh_familiar_temple

Skill      XL: |  1  2  3  4  5  6  7  8  9 10 |
---------------+-------------------------------+-----
Axes           | 3 4 5 6 7 9 12 13 | 13.1
Fighting       | 4 5 6 |  6.9
Armour         | |  3.5
Shields        | |  4.2

Action                   |  1- 3 |  4- 6 |  7- 9 | 10-12 || total
-------------------------+-------+-------+-------+-------++-------
Melee: War axe           |    61 |   142 |   257 |       ||   460
       Executioner's axe |       |       |    37 |    79 ||   116
Invok: Heroism           |       |       |     1 |       ||     1
 Abil: Dig               |     1 |       |       |       ||     1
       Shaft Self        |       |       |     1 |       ||     1
  Use: Scroll            |     6 |     4 |     7 |     1 ||    18
       Potion            |       |     1 |     3 |       ||     4
Armor: Scale mail        |    39 |    92 |    93 |       ||   224
       Plate armour      |       |       |    70 |    35 ||   105
Dodge: Dodged            |    28 |    66 |   168 |    60 ||   322
Block: Buckler           |    20 |    50 |    83 |    20 ||   173

Table legend: (Time is in decaauts)
 A = Elapsed time spent in this place.
 B = Non-inter-level travel time spent in this place.
 C = Inter-level travel time spent in this place.
 D = Time resting spent in this place.
 E = Time spent auto-exploring this place.
 F = Levels seen in this place.
 G = Mean time per level.
                   A        B        C        D        E       F      G
               +--------+--------+--------+--------+--------+-----+--------+
         Total |  10812 |  10234 |    578 |    824 |   7622 |   9 | 1201.3 |
       Dungeon |  10370 |   9841 |    529 |    824 |   7237 |   8 | 1296.2 |
        Temple |    441 |    392 |     49 |      0 |    385 |   1 |  441.0 |
               +--------+--------+--------+--------+--------+-----+--------+

Top non-repeatable levels by time:
     D:8: 2161 daAuts
     D:6: 1921 daAuts
     D:4: 1902 daAuts
     D:1: 1255 daAuts
     D:5: 965 daAuts
     D:7: 923 daAuts
     D:3: 621 daAuts
     D:2: 619 daAuts
  Temple: 441 daAuts
